Description

This kind of cheese can be really challenging to hold but there is some ways to know about it :

  • Scout your third base with first overlord + the other position with your 2nd overlord
  • When you see the proxy, send some drones to kill the scv and try to kill as much marines as possible
  • You need time: You have to keep Scvs away from your natural because they will try to add some bunkers
  • As soon as you hold it: Play macro or all-in and win the game

VOD

https://youtu.be/C-bspCPqKLc

Replay - Armani v DPGCure - Ever Dream LE

Build Order

Get SALT Encoding   

  12  0:00  Drone  
  13  0:12  Overlord  
  13  0:17  Drone  
  14  0:31  Drone x2  
  16  0:47  Hatchery  
  15  0:51  Drone x2  
  17  0:58  Drone  
  18  1:09  Extractor  
  17  1:14  Spawning Pool  
  17  1:17  Drone x2  
  18  1:27  Drone  
  19  2:01  Zergling x6, Queen  
  24  2:08  Queen  
  24  2:14  Zergling x2  
  25  2:30  Metabolic Boost  
  24  2:42  Zergling x2  
  24  2:47  Zergling x4  
  26  2:56  Overlord  
  26  3:01  Zergling x2  
  27  3:06  Zergling x2  
  28  3:15  Zergling x2  
  32  3:26  Baneling Nest  
  35  3:44  Overlord  
  33  4:16  Baneling x6  
  39  4:33  Baneling x2  
Spawning Tool Build Advisor. Get it on Overwolf

Go to:

Details

  • Created by: zuka      
  • Published on: Jul 16, 2020
  • Modified on: Jul 16, 2020
  • Patch: 4.11.0
  • Difficulty: Easy
Show
View Real Time Build Order
Export as new Build Order

Comments (0)

There are no comments. Be the first!

Create an account to comment!